[Event "*** Titled Tuesday Blitz"]
[Site "Chess.com"]
[Date "2020.04.28"]
[Round "2"]
[White "shyam"]
[Black "KinKaiser"]
[Result "0-1"]
[WhiteElo "2694"]
[BlackElo "2511"]
[TimeControl "180+1"]
[EndTime "10:18:49 PDT"]
[Termination "KinKaiser won by resignation"]

1. d4 d5 2. Nc3 Nf6 3. Bf4 Bf5 4. f3 Nbd7 5. g4 Bg6 6. h4 h6 7. h5 Bh7 8. Qd2 e6 9. e3 a6 10.
Bd3 Bxd3 11. cxd3 c5 12. dxc5 Bxc5 13. d4 Be7 14. Nge2 b5 15. O-O Nb6 16. b3 Rc8 17. Nd1 Nbd7 18. Nf2 O-O 19. Nd3 Ba3 20. b4 Nb6 21.
Nc5 Nc4 22. Qc3 a5 23. bxa5 b4 24. Qd3 Qxa5 25. Kh2 Rfe8 26. Bg3 Qa7 27. Bh4 Nd7 28. Nxd7 Qxd7 29. f4 Nd6 30. Ng3 Rc3 31. Qe2 Rec8 32.
Rf2 Ne4 33. Nxe4 dxe4 34. g5 hxg5 35. fxg5 Bc1 36. g6 Rxe3 37. gxf7+ Kf8 38. Qg4 Rcc3 39. h6 Rh3+ 40. Kg2 g5 41. Qxg5 Bxg5 42. Bxg5 Rcg3+ 43. Kf1 Qb5+ 44. Re2 Rh1+ 45. Kf2 Rf3+ 46. Kg2 Qxe2+ 47. Kxh1 Rh3+ 48. Kg1 Qh2+ 49. Kf1 Qh1+ 50. Kf2 Qxa1 51. h7 Kxf7 52. h8=Q Rxh8 53. Kg3 Rg8 54. Kf4 Rxg5 55. Kxg5 e3 56. Kf4 e2 57. d5 e1=Q 58. dxe6+ Kxe6 59. a4 Qd4+ 60. Kg5 Qee5+ 61. Kh6 0-1

[Event "*** Titled Tuesday Blitz"]
[Site "Chess.com"]
[Date "2020.04.28"]
[Round "2"]
[White "Majesth"]
[Black "Blitzstream"]
[Result "0-1"]
[WhiteElo "2475"]
[BlackElo "2707"]
[TimeControl "180+1"]
[EndTime "10:18:49 PDT"]
[Termination "Blitzstream won by checkmate"]

1. d4 d5 2. Bg5 Bf5 3. c4 c6 4. Nc3 h6 5. Bh4 Qb6 6. Qd2 e6 7. e3 Nd7 8. Nf3 Ngf6 9. c5 Qd8 10.
Be2 b6 11. cxb6 axb6 12. O-O Bd6 13. Bd3 Bg4 14. e4 dxe4 15. Nxe4 Nxe4 16. Bxe4 Qc7 17. Bg3 Nf6 18. Qc2 Nxe4 19. Qxe4 Bf5 20. Qe3 Bxg3 21. hxg3 O-O 22. Rfc1 Qd6 23. Ne5 Rfc8 24. g4 Bh7 25. Qf3 Ra7 26. Rxc6 Rxc6 27. Qxc6 Qxc6 28.
Nxc6 Rc7 29. Ne5 Rc2 30. b4 f6 31. Nd7 Rb2 32. a3 b5 33. Nc5 Rd2 34. Nxe6 Bc2 35. Rc1 Bb3 36. Nc7 Bc4 37. d5 Rd3 38. Re1 Bxd5 39.
Nxd5 Rxd5 40. Re8+ Kf7 41. Rb8 Kg6 42. f3 Kg5 43. Kf2 f5 44. gxf5 Kxf5 45. Rf8+ Kg5 46. Rb8 Kf5 47. Rb7 g5 48. Kg3 h5 49. Rf7+ Kg6 50.
Rc7 h4+ 51. Kg4 Rd4+ 52. Kh3 Rd5 53. Rc6+ Kh5 54. Rc5 Rd1 55. f4 Rh1# 0-1

[Event "*** Titled Tuesday Blitz"]
[Site "Chess.com"]
[Date "2020.04.28"]
[Round "2"]
[White "Andrii_Prydun"]
[Black "SketchyMoves"]
[Result "1-0"]
[WhiteElo "2346"]
[BlackElo "2619"]
[TimeControl "180+1"]
[EndTime "10:18:49 PDT"]
[Termination "Andrii_Prydun won by checkmate"]

1. d4 e6 2. e4 d5 3. exd5 exd5 4. Bd3 Bd6 5. Ne2 Nf6 6. Bf4 Bg4 7. f3 Bh5 8. Nbc3 c6 9. Qd2 O-O 10. O-O-O b5 11.
Bxd6 Qxd6 12. Qf4 Qd8 13. g4 Bg6 14. Bf5 a5 15. h4 a4 16. h5 Bxf5 17. Qxf5 b4 18.
Nb1 b3 19. cxb3 axb3 20. a3 Re8 21. Nbc3 Nfd7 22. Ng3 Nb6 23. Rde1 N8d7 24. g5 Nf8 25. Rxe8 Qxe8 26. h6 Qe3+ 27. Kb1 Nc4 28. hxg7 Qd2 29. gxf8=Q+ Kxf8 30. Nd1 Nxa3+ 31. bxa3 Qa2+ 32. Kc1 Qa1+ 33. Qb1 Qxd4 34. Ne2 Qc4+ 35. Kd2 Rxa3 36. Rh2 Ra2+ 37. Ke1 Rc2 38. Ne3 Qb4+ 39. Kf1 Rd2 40. Qxh7 Ke7 41.
Qh6 Kd7 42. Qf6 Kc7 43. Qxf7+ Kb6 44. Qf4 Qc5 45. Qa4 Rc2 46. Qxb3+ Qb5 47. Qxc2 Qb4 48. Qd3 Qa3 49. Qxa3 c5 50. Qb2+ Kc6 51. Nf5 d4 52. Qd2 Kd5 53. Qf4 Kc4 54. Qe4 Kb3 55. Nexd4+ cxd4 56.
Qxd4 Ka3 57. Qc3+ Ka4 58. Ra2+ Kb5 59. Rb2+ Ka6 60. Qb3 Ka7 61. Ra2# 1-0

[Event "*** Titled Tuesday Blitz"]
[Site "Chess.com"]
[Date "2020.04.28"]
[Round "2"]
[White "Msb2"]
[Black "verdest"]
[Result "1-0"]
[WhiteElo "3012"]
[BlackElo "2586"]
[TimeControl "180+1"]
[EndTime "10:18:50 PDT"]
[Termination "Msb2 won by resignation"]

1. d4 Nf6 2. c4 e6 3. Nc3 d5 4.
cxd5 exd5 5. Bg5 c6 6. e3 Bd6 7. Bd3 O-O 8. Nge2 h6 9. Bf4 Re8 10. Qc2 a5 11. h3 Na6 12. a3 Nc7 13. O-O Ne6 14. Bxd6 Qxd6 15. f3 c5 16. Rae1 Bd7 17. dxc5 Qxc5 18. Qd2 d4 19. exd4 Nxd4 20. Bh7+ Kxh7 21.
Qxd4 Qxd4+ 22. Nxd4 Rac8 23. Kf2 Rc4 24. Rxe8 Bxe8 25.
Rd1 b5 26. Rd2 b4 27. axb4 axb4 28. Nd1 Rc1 29. Ne3 Bd7 30. g4 Rh1 31. Kg2 Re1 32. Ndc2 Rb1 33. Nxb4 Bb5 34. Nbd5 Nxd5 35. Nxd5 Bf1+ 36.
Kg3 Bc4 37. Nc3 Rg1+ 38. Kh2 Rf1 39. Kg2 Re1 40. h4 Kg6 41. Kf2 Rh1 42. h5+ Kg5 43. Kg2 Re1 44. Rd4 Be6 45. Kg3 Rg1+ 46. Kf2 Rc1 47. Rd2 Kh4 48. Ke3 Re1+ 49. Kf4 Rh1 50.
Ne4 g5+ 51. hxg6 fxg6 52. Rd6 g5+ 53. Ke5 Bxg4 54. Rxh6+ Bh5 55. Rxh5+ Kxh5 56. Ng3+ Kh4 57. Nxh1 Kh3 58. Nf2+ Kg2 59. Ne4 Kxf3 60. Nxg5+ Ke3 61. b4 Kd3 62. Kd5 1-0

[Event "*** Titled Tuesday Blitz"]
[Site "Chess.com"]
[Date "2020.04.28"]
[Round "2"]
[White "almaguerjm"]
[Black "tacticthunder"]
[Result "1/2-1/2"]
[WhiteElo "2365"]
[BlackElo "2667"]
[TimeControl "180+1"]
[EndTime "10:18:53 PDT"]
[Termination "Game drawn - insufficient material"]

1. d4 Nf6 2. Nc3 d5 3. Bf4 a6 4. e3 Bf5 5. f3 e6 6. g4 Bg6 7. h4 h5 8. g5 Nfd7 9. Bd3 Bxd3 10. cxd3 c5 11. dxc5 Bxc5 12. d4 Bb4 13. Ne2 Nc6 14. a3 Be7 15. Qd3 g6 16. Kf2 Qb6 17. b4 Rc8 18.
Rhc1 O-O 19. Na4 Qd8 20. Nc5 Nxc5 21. bxc5 b5 22. a4 b4 23. Qxa6 f6 24. Qd3 Kh7 25. Rh1 e5 26. gxf6 exf4 27. Nxf4 Rxf6 28. Rag1 Qe8 29.
Nxh5 Kh6 30. Nxf6 Bxf6 31. f4 Qe4 32. Qxe4 dxe4 33. Rc1 Ne7 34. Rc4 Nd5 35. Rb1 Rc6 36.
Rcxb4 Nxb4 37. Rxb4 Bxh4+ 38. Ke2 Be7 39. Rb5 Bd8 40. d5 Rc8 41. d6 Kg7 42. Kd2 Kf6 43.
Kc3 Ke6 44. Kc4 Bh4 45. Rb7 g5 46. fxg5 Bxg5 47. Kd4 Bf6+ 48. Kc4 Ra8 49. Kb5 Bg5 50. c6 Kxd6 51. Rd7+ Ke6 52. Rg7 Bxe3 53. c7 Bd4 54. Rh7 e3 55. Kc6 e2 56. Rh1 Bf2 57. Kb7 Ra7+ 58.
Kb8 Rxc7 59. Kxc7 e1=Q 60. Rxe1+ Bxe1 61. Kb6 Kd6 62. a5 Bf2+ 63. Kb7 Kd7 64. a6 Bc5 65.
a7 Bxa7 1/2-1/2

[Event "*** Titled Tuesday Blitz"]
[Site "Chess.com"]
[Date "2020.04.28"]
[Round "2"]
[White "Bubar"]
[Black "Jumbo"]
[Result "0-1"]
[WhiteElo "2334"]
[BlackElo "2739"]
[TimeControl "180+1"]
[EndTime "10:18:53 PDT"]
[Termination "Jumbo won by resignation"]

1. d4 Nf6 2. Nf3 g6 3. c4 d6 4.
Nc3 Bf5 5. Bg5 Ne4 6. Bh4 Bg7 7. e3 c5 8. Bd3 Nxc3 9. bxc3 Qa5 10. O-O Bd7 11. Qb3 b6 12. Be4 Bc6 13. d5 Bd7 14. Rfc1 Bf6 15. Bxf6 exf6 16. Nd2 Na6 17. a4 Nc7 18. Qc2 O-O 19. Nb3 Qa6 20. a5 Qxc4 21. Nd2 Qe2 22. Bf3 Qa6 23. axb6 Qxb6 24. Nc4 Qb8 25. Nxd6 a5 26. Rcb1 Qa7 27. Ne4 f5 28. Nf6+ Kg7 29. Nxd7 Rfd8 30. Nb6 Rab8 31. Nc4 Rxb1+ 32. Qxb1 Nxd5 33. Bxd5 Rxd5 34. h4 Qe7 35. g3 Qd8 36. Qb2 h6 37. Nxa5 Rd7 38. c4+ Kh7 39.
Nb3 Qe7 40. Qe2 Kg7 41. Nd2 g5 42. Nf3 Qe4 43. hxg5 Rd6 44. Rd1 Rb6 45. Nd2 Qc2 46. Qe1 hxg5 47. Nf3 Rh6 48. Rd2 Qe4 49. Kg2 g4 50.
Qe2 gxf3+ 51. Qxf3 Rh2+ 52. Kxh2 Qxf3 53. Rd5 Qxf2+ 54.
Kh3 Qxe3 55. Rxf5 Qe4 56. Rf4 Qe6+ 57. Kg2 f5 58. Kf3 Qe5 59. g4 Qc3+ 60. Kf2 Qd2+ 61. Kg3 Qd3+ 62. Rf3 Qd6+ 63. Rf4 Kg6 64. gxf5+ Kg5 0-1

[Event "*** Titled Tuesday Blitz"]
[Site "Chess.com"]
[Date "2020.04.28"]
[Round "2"]
[White "Yerlan-Ra"]
[Black "Karina_Ivanova"]
[Result "0-1"]
[WhiteElo "2426"]
[BlackElo "2218"]
[TimeControl "180+1"]
[EndTime "10:18:53 PDT"]
[Termination "Karina_Ivanova won by resignation"]

1. e4 c6 2. d4 d5 3. e5 Bf5 4. g4 Bd7 5. Bg2 e6 6. Ne2 Ne7 7. Ng3 c5 8. c3 Nbc6 9. Na3 cxd4 10. cxd4 Qb6 11. Nc2 g6 12. O-O Bg7 13. h4 O-O-O 14. h5 f5 15. exf6 Bxf6 16. g5 Bxd4 17. Nxd4 Qxd4 18.
Be3 Qxd1 19. Rfxd1 Nf5 20. Bc5 Nxg3 21. fxg3 b6 22.
Bd6 gxh5 23. Rac1 Kb7 24. Rf1 Be8 25. Ba3 Bg6 26. Rf6 Rhe8 27. Re1 Nd4 28. Rd1 Nb5 29. Bb4 a5 30. Bd2 Nd6 31. Bf4 Ne4 32. Bxe4 Bxe4 33.
Rf7+ Ka6 34. Rc1 Rc8 35. Rxc8 Rxc8 36. Re7 Bf5 37. Be5 Rc2 38. a3 Kb5 39. g6 hxg6 40. Kf1 Bg4 41. Ke1 Kc4 42. Kf1 b5 43. Ra7 a4 44. Rc7+ Kd3 45. Rxc2 Kxc2 46. Kf2 Kd3 47.
Bf6 Ke4 48. Bg7 d4 49. Bf6 e5 50. Bg7 Kd5 51. Ke1 e4 52. Kd2 e3+ 53. Kd3 Bf5+ 54. Ke2 Ke4 55. Bh6 Bg4+ 56. Ke1 d3 0-1

[Event "*** Titled Tuesday Blitz"]
[Site "Chess.com"]
[Date "2020.04.28"]
[Round "2"]
[White "ama18"]
[Black "RovenVogel"]
[Result "0-1"]
[WhiteElo "2479"]
[BlackElo "2711"]
[TimeControl "180+1"]
[EndTime "10:18:54 PDT"]
[Termination "RovenVogel won by resignation"]

1. e4 c5 2. Nf3 d6 3. d4 cxd4 4. Nxd4 Nf6 5. Nc3 Nc6 6. Bg5 e6 7. Qd2 a6 8. Nxc6 bxc6 9. O-O-O Be7 10. Bxf6 gxf6 11. Bc4 Qb6 12. Bb3 Bb7 13. Rhe1 O-O-O 14. Kb1 Kb8 15. f4 d5 16. f5 Bb4 17. fxe6 d4 18.
Qf4+ Bd6 19. Qxf6 fxe6 20. Rxd4 Rhf8 21. Qg7 Rg8 22. Qf6 Rdf8 23. Na4 Qa7 24. Qxe6 Qxd4 25.
c3 Qe5 26. Qxe5 Bxe5 27. Bxg8 Rxg8 28. g3 Rf8 29. Nc5 Bc8 30. Re2 a5 31. Kc2 Kc7 32. b4 Bd6 33. Nd3 Ba6 34. Rd2 Bxd3+ 35. Rxd3 axb4 36. cxb4 Bxb4 37. Kb3 Bd6 38. a3 Rf2 39. h4 Rg2 40. Rf3 Rxg3 41. Rxg3 Bxg3 42. h5 Kd6 43. Kc4 Be1 44. a4 Ba5 45. Kd4 Bb6+ 46. Kd3 Ke5 47. h6 Ba5 48. Ke3 Bc7 49. Kf3 Bb6 50. Kg4 Kxe4 51.
Kg5 Ke5 52. Kg4 Kf6 53. Kf4 Kg6 0-1

[Event "*** Titled Tuesday Blitz"]
[Site "Chess.com"]
[Date "2020.04.28"]
[Round "2"]
[White "Zhani-Z"]
[Black "Alonmindlin"]
[Result "1-0"]
[WhiteElo "2501"]
[BlackElo "2702"]
[TimeControl "180+1"]
[EndTime "10:18:56 PDT"]
[Termination "Zhani-Z won by resignation"]

1. e4 e5 2. Nf3 Nc6 3. Nc3 Nf6 4. Bb5 Nd4 5. Bc4 Bc5 6. d3 d6 7. Na4 Bb6 8. Nxb6 axb6 9. Nxd4 exd4 10. Bg5 h6 11.
Bh4 Be6 12. Bb3 g5 13. Bg3 d5 14. Be5 O-O 15. h4 Ng4 16. Bg3 dxe4 17. Bxe6 Nxf2 18. Qh5 Kg7 19. hxg5 Qxg5 20. Bxf2 fxe6 21. Bxd4+ Kg8 22. Qxg5+ hxg5 23. Rh8+ Kf7 24. Rxf8+ Kxf8 25. dxe4 Ke7 26. Ke2 Ra4 27. Ke3 c5 28. Be5 Ra8 29. a3 Rd8 30. Rh1 Kd7 31. Rh7+ Kc6 32. c4 b5 33. cxb5+ Kxb5 34. Rxb7+ Ka4 35. Rg7 c4 36. Rxg5 Rd3+ 37. Ke2 Rd7 38. Rg7 Rd3 39. g4 Rh3 40. g5 Rh5 41. Ra7+ Kb3 42. Bf6 Rh2+ 43. Kf3 Rh1 44.
Kg2 Rh4 45. Kg3 Rh1 46. Rb7+ Kc2 47. a4 Kd3 48. a5 Kxe4 49. a6 Kf5 50. a7 Ra1 51.
Bd4 e5 52. Be3 Ke4 53. Bb6 Kf5 54. Rb8 e4 55. a8=Q Rxa8 56. Rxa8 Kxg5 57. Be3+ Kf6 58. Ra5 1-0

[Event "*** Titled Tuesday Blitz"]
[Site "Chess.com"]
[Date "2020.04.28"]
[Round "2"]
[White "Olga_Zhuravleva"]
[Black "belisarius64"]
[Result "0-1"]
[WhiteElo "2225"]
[BlackElo "2625"]
[TimeControl "180+1"]
[EndTime "10:18:56 PDT"]
[Termination "belisarius64 won by resignation"]

1. e4 c5 2. Nf3 d6 3. d4 cxd4 4. Nxd4 Nf6 5. Nc3 a6 6. Bd3 e5 7. Nb3 Be7 8. O-O O-O 9. f4 b5 10. a3 Bb7 11. Kh1 Nbd7 12. Qf3 Rc8 13. Bd2 exf4 14.
Bxf4 Ne5 15. Qh3 Ng6 16. Be3 Qd7 17. Rf5 Rxc3 18. bxc3 Nxe4 19. Raf1 Ne5 20. Nd4 g6 21. Bh6 Re8 22. Bxe4 Bxe4 23. Qg3 Bxf5 24. Nxf5 Bf8 25. Bxf8 Kxf8 26. Nh6 Kg7 27. Nf5+ Kh8 28. Nh6 f5 29. h3 Qg7 30. Qh4 Nd7 31. Rd1 g5 32. Qh5 Nf6 33. Nf7+ Kg8 34. Qxg5 Kxf7 35. Qxf5 Re2 36.
Qf3 Re6 37. Rf1 Kg8 38. Qa8+ Re8 39. Qxa6 Ne4 40. Qxb5 Ng3+ 41. Kg1 Qa7+ 42. Rf2 Re1+ 43.
Kh2 Qxf2 44. Qd5+ Qf7 45. Qg5+ Kf8 46. Qh6+ Qg7 47. Qxd6+ Kg8 48. Qd5+ Qf7 49. Qg5+ Kf8 50. Qd8+ Re8 51. Qd6+ Kg8 52. Qxg3+ Qg7 53. Qd6 Qe5+ 54. Qxe5 Rxe5 55. Kg3 Rc5 56. Kf4 Rxc3 57. g4 Rxa3 58. Ke4 Rc3 0-1

[Event "*** Titled Tuesday Blitz"]
[Site "Chess.com"]
[Date "2020.04.28"]
[Round "2"]
[White "MartinCerveny"]
[Black "Akhayan"]
[Result "1-0"]
[WhiteElo "2609"]
[BlackElo "2293"]
[TimeControl "180+1"]
[EndTime "10:18:56 PDT"]
[Termination "MartinCerveny won by resignation"]

1. d4 e6 2. c4 d5 3. Nc3 Nf6 4. cxd5 exd5 5. Bg5 c6 6. e3 Be7 7. Bd3 O-O 8. Qc2 Nbd7 9. Nge2 Re8 10. O-O Nf8 11.
f3 Ng6 12. e4 dxe4 13. fxe4 Bg4 14. Bxf6 Bxf6 15. e5 Bg5 16. Kh1 Be6 17. Ne4 Bd5 18.
N2g3 Nf4 19. Nxg5 Qxg5 20. Be4 Bxe4 21. Qxe4 Ne6 22. Rf5 Qg6 23. Raf1 Re7 24. Ne2 Rd8 25. h4 h6 26. h5 Qh7 27. Qg4 Red7 28. Qf3 Ng5 29. Qb3 c5 30. dxc5 Ne6 31. Rxf7 Rxf7 32.
Qxe6 Rf8 33. Ng3 Qd3 34. Kh2 Qd4 35. Rf3 Qh4+ 36. Kg1 Qd4+ 37. Kf1 Qd1+ 38. Kf2 Qd4+ 39. Ke2 Qxb2+ 40. Kf1 Qb1+ 41. Kf2 Qb2+ 42. Ne2 Qb5 43.
Qd5 Qc6 44. Qc4 b5 45. Qd4 b4 46. Nf4 Rxf4 47. Rxf4 Rxf4+ 48. Qxf4 Qxc5+ 49. Kg3 Qe7 50. Qf5 Qg5+ 51. Qxg5 hxg5 52. Kf3 a5 53. Ke3 a4 54.
Kd3 b3 55. axb3 a3 56. Kc3 Kf7 57. b4 Ke6 58. Kb3 Kxe5 59. Kxa3 Kf4 60. b5 Kg3 61. b6 Kxg2 62. b7 g4 63. b8=Q g3 64. Qg8 Kh2 65. Qxg7 g2 66. h6 g1=Q 67. Qxg1+ Kxg1 68. h7 Kf1 69. h8=Q Ke1 70. Qb2 Kd1 71. Kb3 1-0

[Event "*** Titled Tuesday Blitz"]
[Site "Chess.com"]
[Date "2020.04.28"]
[Round "2"]
[White "APotatoInthekitchen"]
[Black "tomsishere"]
[Result "0-1"]
[WhiteElo "2158"]
[BlackElo "2425"]
[TimeControl "180+1"]
[EndTime "10:18:56 PDT"]
[Termination "tomsishere won by checkmate"]

1. e4 c6 2. Nf3 d5 3. Nc3 Nf6 4. e5 Ne4 5. Bd3 Nc5 6. Be2 d4 7. b4 dxc3 8. bxc5 Bg4 9. d4 e6 10. O-O b6 11. cxb6 axb6 12. Bg5 Qc7 13. Qd3 Ra3 14. Bc1 Bf5 15. Qe3 Ra4 16. Qxc3 Be7 17.
Bb5 Ra5 18. Bd3 Bxd3 19. Qxd3 O-O 20. Bb2 Rd8 21. c4 Qa7 22. a3 Nd7 23. Rfe1 Nc5 24. Qc2 Na4 25. Bc1 Qd7 26. Bd2 Raa8 27. Ng5 Bxg5 28. Bxg5 Rdc8 29. Rad1 h6 30. Be3 b5 31. cxb5 cxb5 32. Qb3 Rc3 33. Qb4 Rc4 34. Qb3 Nc3 35. Rd3 Rac8 36. h3 Qd5 37. Kh2 Qc6 38. Rc1 Nd5 39.
Rxc4 bxc4 40. Qd1 cxd3 41. Qxd3 Nxe3 42. Qxe3 Qd5 43. Qd3 Ra8 44. f4 Ra4 45. f5 Qxd4 46. Qg3 Qf4 47. f6 Qxg3+ 48. Kxg3 gxf6 49. exf6 Rxa3+ 50. Kg4 Kh7 51. h4 Ra4+ 52. Kh3 Ra5 53. g3 h5 54. g4 Kg6 55. g5 e5 56. Kg2 Ra3 57. Kf2 Kf5 58.
Ke2 e4 59. Kd2 Kf4 60. Ke2 Rg3 61. Kf2 e3+ 62. Ke2 Rg2+ 63. Ke1 Kf3 64. Kd1 e2+ 65. Kd2 Rg1 66. Kc3 e1=Q+ 67. Kd4 Qe4+ 68. Kc5 Rc1+ 69.
Kb6 Qc6+ 70. Ka7 Ra1+ 71. Kb8 Ra8# 0-1

[Event "*** Titled Tuesday Blitz"]
[Site "Chess.com"]
[Date "2020.04.28"]
[Round "2"]
[White "djogrodek1"]
[Black "Alexander_Donchenko"]
[Result "1-0"]
[WhiteElo "2586"]
[BlackElo "2866"]
[TimeControl "180+1"]
[EndTime "10:18:57 PDT"]
[Termination "djogrodek1 won on time"]

1. Nf3 Nf6 2. c4 e6 3. g3 a6 4. Bg2 b5 5. O-O Bb7 6. b3 c5 7. Bb2 Be7 8. d3 O-O 9. Nbd2 d5 10. Ne5 Nbd7 11. Qc2 Rc8 12. Rac1 Nxe5 13. Bxe5 Qd7 14. Bb2 Rfd8 15. Nf3 Qc7 16. Rfd1 h6 17. Qb1 Qb8 18. Ne5 d4 19. Bxb7 Qxb7 20. cxb5 axb5 21. a4 Bd6 22.
Nf3 Rb8 23. axb5 Qxb5 24. Nd2 Nd5 25. Rc4 h5 26. Rdc1 h4 27. Ba3 Nc3 28. R1xc3 dxc3 29.
Rxc3 hxg3 30. hxg3 Bf8 31. Rc4 Qa5 32. Qc1 Ra8 33.
Bb2 Rd5 34. Rg4 Rf5 35. Nc4 Qb5 36. Bxg7 Bxg7 37. Qh6 Ra1+ 38. Kh2 Rh5+ 39. Qxh5 Qb7 40. f3 f5 41. Qe8+ Kh7 42. Rh4+ Bh6 43. Qxe6 Qg7 44.
Qxf5+ Qg6 45. Qxg6+ Kxg6 46. Re4 Kg7 47. g4 Bg5 48. f4 Bd8 49. Kg3 Rg1+ 50. Kf3 Rf1+ 51. Kg2 Rb1 52. g5 Rxb3 53. Kf3 Rb1 54. Re5 Kg6 55.
Rxc5 Rf1+ 56. Ke4 Be7 57. Rc6+ Kf7 58. Ne5+ Kf8 59. Ng6+ Kf7 60. Nxe7 Kxe7 61. e3 Rg1 62. Rf6 Kd7 63. d4 Ke7 64. d5 Ke8 65. Ke5 Rd1 66. e4 Re1 67. f5 Kd7 68. g6 Ke7 69.
Ra6 Rg1 70. Ra7+ Kf8 71. Kf6 Ke8 72. e5 1-0

[Event "*** Titled Tuesday Blitz"]
[Site "Chess.com"]
[Date "2020.04.28"]
[Round "2"]
[White "Sanan_Sjugirov"]
[Black "ENEASZ"]
[Result "1-0"]
[WhiteElo "2859"]
[BlackElo "2554"]
[TimeControl "180+1"]
[EndTime "10:18:57 PDT"]
[Termination "Sanan_Sjugirov won by resignation"]

1. e4 d6 2. d4 Nf6 3. Bd3 e5 4. c3 Nc6 5. Nf3 g6 6. O-O Bg7 7. h3 O-O 8. Re1 Re8 9. Bc2 h6 10. Nbd2 Nh5 11. Nf1 Qf6 12. Ne3 Nf4 13.
Nd5 Nxd5 14. exd5 Nb8 15. dxe5 dxe5 16. Nd2 Bf5 17. Ne4 Qd8 18. c4 Nd7 19. Nc3 Bxc2 20. Qxc2 a6 21. Be3 f5 22. Rad1 Kh7 23. f3 Nf6 24. c5 Qe7 25. Qb3 Rab8 26. Bf2 e4 27.
Bd4 Qf7 28. Bxf6 Qxf6 29. fxe4 f4 30. Rf1 Qg5 31. d6 Qxc5+ 32. Kh1 cxd6 33. Rxf4 Qg5 34. Rdf1 Re7 35. Nd5 Rd7 36. Rg4 Qe5 37. Rgf4 Re8 38. Qa4 b5 39. Qxa6 b4 40. Qb5 Red8 41. Qxb4 h5 42.
a4 Ra7 43. b3 Raa8 44. Qc4 Rac8 45. Qd3 Rd7 46. Qf3 Rcd8 47. a5 Ra8 48. b4 Rb8 49.
Qd3 Re8 50. a6 Qg5 51. b5 Be5 52. R4f3 Kh6 53. b6 Rc8 54. b7 Rc1 55. b8=Q Rxf1+ 56. Rxf1 Qg3 57. Qxg3 Bxg3 58. Qf8+ 1-0

[Event "*** Titled Tuesday Blitz"]
[Site "Chess.com"]
[Date "2020.04.28"]
[Round "2"]
[White "Unknown_IM"]
[Black "Pechen_Yeltsina"]
[Result "0-1"]
[WhiteElo "2501"]
[BlackElo "2766"]
[TimeControl "180+1"]
[EndTime "10:18:57 PDT"]
[Termination "Pechen_Yeltsina won on time"]

1. Nf3 g6 2. d4 Bg7 3. c4 d6 4. Nc3 Nd7 5. g3 e5 6. Bg2 Ne7 7. O-O O-O 8. e4 exd4 9. Nxd4 Nc6 10. Be3 Nde5 11. b3 Ng4 12. Nxc6 Nxe3 13. fxe3 bxc6 14. Rc1 Be5 15. Qd3 c5 16. Nd5 c6 17. Nf4 h5 18.
Rcd1 h4 19. Kf2 Qg5 20. Bf3 hxg3+ 21. hxg3 Kg7 22. Rh1 Bd7 23. Rh4 Rh8 24. Rdh1 Rxh4 25. Rxh4 Rh8 26. Rxh8 Kxh8 27. Qf1 Kg7 28. Qh1 Bf6 29.
Nd3 Bg4 30. Bxg4 Qxg4 31. Qf3 Qh3 32. Nf4 Qh2+ 33. Qg2 Qh8 34. Qh3 Qxh3 35. Nxh3 Be5 36. Kf3 Kf6 37. Nf2 Kg5 38. Nh3+ Kf6 39. Nf2 Ke6 40. Nd3 Bc3 41. Nf4+ Ke5 42. Nd3+ Kf6 43. Kf4 Be5+ 44. Kf3 Kg5 45. Nf2 Kf6 46. Ng4+ Ke6 47. Nf2 Bg7 48. Nd3 Kd7 49. Kf4 Bh6+ 50. Kf3 Bg5 51. Kg4 Bxe3 52. Kf3 Bd4 53. Kf4 Ke6 54. Kg5 Be3+ 55. Kg4 Bh6 56. Kf3 Bg7 57. Kf4 Bd4 58. Kf3 d5 59. exd5+ cxd5 60. Nf4+ Ke5 61. Nxd5 Bb2 62. Ke3 Bc1+ 63. Kf3 Kd4 64. Ke2 Bg5 65. Kf3 Kd3 66. Nc7 Bd8 67. Nb5 a6 68. Nd6 f5 69.
Nf7 Bf6 70. Nd6 Kc2 71. Nb7 Be7 72. Na5 Kb2 73. a4 Ka3 74. Kf4 Bd6+ 75. Kf3 g5 76. g4 fxg4+ 0-1

[Event "*** Titled Tuesday Blitz"]
[Site "Chess.com"]
[Date "2020.04.28"]
[Round "2"]
[White "BakaPG"]
[Black "etserga"]
[Result "0-1"]
[WhiteElo "2697"]
[BlackElo "2416"]
[TimeControl "180+1"]
[EndTime "10:18:57 PDT"]
[Termination "etserga won on time"]

1. e4 d5 2. exd5 Qxd5 3. Nc3 Qd8 4. d4 g6 5. Nf3 Bg7 6. Bc4 Nf6 7.
h3 O-O 8. Qe2 a6 9. O-O b5 10.
Bb3 Bb7 11. Bg5 Nc6 12. Rad1 Na5 13. Rfe1 h6 14. Bh4 Nxb3 15. axb3 Re8 16. Ne5 e6 17. f4 c5 18. dxc5 Qc7 19. Bf2 Nh5 20. Qg4 Rad8 21.
Rxd8 Rxd8 22. b4 Rd2 23. h4 Nf6 24. Qh3 Nh5 25. Qe3 Rxc2 26. Ne4 Nxf4 27. Qxf4 Qxe5 28. Qxe5 Bxe5 29. Nd6 Bxd6 30. cxd6 Rd2 31. Rc1 Rxd6 32. Rc7 Rd1+ 33. Kh2 Rd2 34. Kg3 Bd5 35. Be3 Rxg2+ 36. Kf4 f6 37. Bc5 g5+ 38. hxg5 hxg5+ 39. Ke3 Rxb2 40.
Bd4 Rb3+ 41. Kd2 Rf3 42. Ke2 g4 43. Rc5 Bc4+ 44. Ke1 e5 45. Bg1 Rf1+ 46. Kd2 Rxg1 47. Rc6 Kf7 48. Rxa6 g3 49. Ke3 Rf1 50. Ra7+ Kg6 51.
Ra8 g2 52. Rg8+ Bxg8 0-1

[Event "*** Titled Tuesday Blitz"]
[Site "Chess.com"]
[Date "2020.04.28"]
[Round "2"]
[White "The_Machine04"]
[Black "Koalaskakistis"]
[Result "1/2-1/2"]
[WhiteElo "2294"]
[BlackElo "2517"]
[TimeControl "180+1"]
[EndTime "10:18:57 PDT"]
[Termination "Game drawn by repetition"]

1. d4 f5 2. Bg5 h6 3. Bh4 g5 4. Bg3 Nf6 5. e3 d6 6. h4 Rg8 7. hxg5 hxg5 8. Nc3 e6 9. Be2 Bd7 10. Bh5+ Nxh5 11. Qxh5+ Ke7 12. f4 Qe8 13. Qh7+ Rg7 14. Qh2 Nc6 15. fxg5 Qg6 16. Nf3 Nb4 17. Rc1 Bc6 18.
a3 Nd5 19. Nxd5+ Bxd5 20. Qh5 Qxh5 21. Rxh5 Kf7 22. Kf2 Be7 23. Bf4 Rag8 24. Rch1 Bxf3 25. gxf3 Bxg5 26. Bxg5 Rxg5 27. Rxg5 Rxg5 28. Rh7+ Rg7 29.
Rxg7+ Kxg7 30. c4 Kf6 31. Kg3 Kg5 32. e4 fxe4 33. fxe4 e5 34. d5 a5 35. b3 Kh5 36.
Kh3 Kg5 37. Kg3 b6 38. b4 axb4 39. axb4 Kh5 40. Kh3 Kg5 41. Kg3 Kh5 42. Kh3 Kh6 43.
Kh4 Kg6 44. Kg4 Kf6 45. Kh5 Kf7 46. Kg5 Kg7 47. Kf5 Kf7 48. b5 Ke7 49. Kg6 Ke8 50. Kf6 Kf8 51. Ke6 Ke8 52. Kf6 Kf8 53. Kg6 Ke8 54. Kg7 Ke7 55. Kg6 Ke8 1/2-1/2

[Event "*** Titled Tuesday Blitz"]
[Site "Chess.com"]
[Date "2020.04.28"]
[Round "2"]
[White "1Przemyslaw1"]
[Black "Teidi96"]
[Result "1/2-1/2"]
[WhiteElo "2439"]
[BlackElo "2247"]
[TimeControl "180+1"]
[EndTime "10:18:57 PDT"]
[Termination "Game drawn by agreement"]

1. Nf3 d5 2. d4 Nf6 3. c4 dxc4 4.
e3 e6 5. Bxc4 a6 6. O-O b5 7.
Be2 Bb7 8. a4 b4 9. Nbd2 c5 10.
a5 Nbd7 11. Nc4 Be7 12. Nfe5 Nxe5 13. dxe5 Nd7 14. Bf3 Bxf3 15. Qxf3 O-O 16. e4 Qc7 17. Qg3 Kh8 18. Bg5 Bxg5 19. Qxg5 h6 20. Qh5 Qc6 21. Rae1 Rad8 22. Re3 Kh7 23. f4 g6 24. Qh4 Kg7 25. f5 exf5 26. exf5 Qd5 27. f6+ Kh7 28. Rh3 Qd4+ 29.
Qxd4 cxd4 30. Rf4 Nc5 31. Rfh4 h5 32. g4 Ne6 33. gxh5 g5 34. Re4 Rc8 35. b3 Rc5 36. Rd3 Rd8 37. Re2 Kh6 38. Red2 Kxh5 39. Kf2 Kg6 40.
Kg3 Rh8 41. Re2 Nf4 42. Red2 Nxd3 43. Rxd3 Re8 44. Rxd4 Rcxe5 45. Nxe5+ Rxe5 46. Rxb4 Rxa5 47. Rb6 Ra3 48. Kg4 a5 49. Rb5 Kxf6 50. Rf5+ Ke6 51. Kxg5 Rxb3 52. Rxa5 Rb2 53. h4 Rg2+ 54. Kf4 Kf6 55.
Ra6+ Kg7 56. Kf3 1/2-1/2

[Event "*** Titled Tuesday Blitz"]
[Site "Chess.com"]
[Date "2020.04.28"]
[Round "2"]
[White "Funkmaus"]
[Black "noblerone"]
[Result "1-0"]
[WhiteElo "2205"]
[BlackElo "2417"]
[TimeControl "180+1"]
[EndTime "10:18:57 PDT"]
[Termination "Funkmaus won on time"]

1. d4 d5 2. Nf3 Nf6 3. c4 c6 4.
cxd5 c5 5. Nc3 Nxd5 6. e3 cxd4 7. Nxd4 Nxc3 8. bxc3 e6 9. Bd3 Be7 10. O-O a6 11. a4 Bd7 12. Ba3 O-O 13. Bxe7 Qxe7 14.
a5 Nc6 15. Qb3 Rab8 16. Rfb1 Rfc8 17. h3 g6 18. Qb6 Ne5 19. Be4 Rxc3 20. Bxb7 Bc8 21.
Qa7 Rxb7 22. Rxb7 Bxb7 23. Qb8+ Rc8 24. Qxe5 Qb4 25. Rd1 Qa4 26. Nxe6 Qxd1+ 27. Kh2 fxe6 28. Qxe6+ Kf8 29. Qf6+ Ke8 30. Qe6+ Kd8 31. Qb6+ Rc7 32. Qf6+ Kd7 33. Qf7+ Kc6 34. Qc4+ Kd6 35. Qf4+ Kd7 36.
Qf7+ Kd6 37. Qf4+ Ke6 38. Qg4+ Kd5 39. Qxd1+ Kc5 40. Qc1+ Kd6 41. Qd2+ Ke7 42. Qe2 Rd7 43. Qg4 Bd5 44. Qg5+ Kd6 45. f4 Re7 46. Qg3 Re4 47.
Qf2 Rc4 48. Qb2 Rc6 49. Qe5+ Kc5 50. Qd4+ 1-0